 Dungeon Crawl Stone Soup version 0.29.1-12-g30fa7ad0bf (webtiles) character file.

Game seed: 13191603010529821232

102 mopl the Ducker (level 4, -4/41 HPs)
             Began as a Gnoll Monk on Jan 2, 2023.
             Was a Priest of Cheibriados.
             Killed by divine providence
             ... invoked by an orc priest
              (10 damage)
             ... on level 3 of the Dungeon.
             The game lasted 00:02:06 (1818 turns).

mopl the Ducker (Gnoll Monk)                        Turns: 1818, Time: 00:02:07

Health: -4/41      AC: 14    Str: 21    XL:     4   Next: 78%
Magic:  5/5        EV:  9    Int: 17    God:    Cheibriados [***...]
Gold:   212        SH:  5    Dex: 22    Spells: 5/5 levels left

rFire   . . .      SeeInvis .   a - +0 mace
rCold   . . .      Faith    .   i - +0 buckler
rNeg    . . .      Spirit   .   n - +0 plate armour
rPois   .          Reflect  .   (no helmet)
rElec   .          Harm     .   p - +0 cloak
rCorr   .          Rampage  .   (no gloves)
Will    .....                   b - +2 pair of boots
Stlth   ..........              (no amulet)
HPRegen 0.13/turn               f - ring of flight
MPRegen 0.09/turn               (no ring)

@: flying, very slow
A: fangs 1, strong nose, distributed training
a: Renounce Religion, Bend Time, Temporal Distortion


You were on level 3 of the Dungeon.
You worshipped Cheibriados.
Cheibriados was most pleased with you.
You visited 1 branch of the dungeon, and saw 3 of its levels.

You collected 212 gold pieces.

Inventory:

Hand Weapons
 a - a +0 mace (weapon)
Missiles
 d - 5 boomerangs (quivered)
 o - 6 poisoned darts
Armour
 b - a +2 pair of boots (worn)
 i - a +0 buckler (worn)
 n - a +0 plate armour (worn)
 p - a +0 cloak (worn)
Jewellery
 f - a ring of flight (left hand)
Scrolls
 e - a scroll of acquirement {unknown}
 g - 3 scrolls of identify {unknown}
 j - a scroll of enchant armour {unknown}
 m - a scroll of teleportation {unknown}
Potions
 c - a potion of ambrosia
 h - 2 potions of mutation {unknown}
 k - 2 potions of curing {unknown}
 l - a potion of resistance {unknown}


   Skills:
 + Level 6.6 Fighting
 + Level 1.3 Short Blades
 + Level 1.3 Long Blades
 + Level 1.3 Axes
 + Level 6.6 Maces & Flails
 + Level 1.3 Polearms
 + Level 1.3 Staves
 + Level 1.3 Ranged Weapons
 + Level 1.3 Throwing
 + Level 1.3 Armour
 + Level 6.6 Dodging
 + Level 4.3 Stealth
 + Level 1.3 Shields
 + Level 1.3 Unarmed Combat
 + Level 1.3 Spellcasting
 + Level 1.0 Conjurations
 + Level 1.0 Hexes
 + Level 1.0 Summonings
 + Level 1.0 Necromancy
 + Level 1.0 Translocations
 + Level 1.0 Transmutations
 + Level 1.0 Fire Magic
 + Level 1.0 Ice Magic
 + Level 1.0 Air Magic
 + Level 1.0 Earth Magic
 + Level 1.0 Poison Magic
 + Level 1.4 Invocations
 + Level 1.3 Evocations


You had 5 spell levels left.
You didn't know any spells.
Your spell library was empty.

Dungeon Overview and Level Annotations

Branches:
Dungeon (3/15)

Altars:
Cheibriados


Innate Abilities, Weirdness & Mutations

You have very sharp teeth.
Your uncanny sense of smell can sniff out nearby items.
Your experience applies equally to all skills.


Message History

You barely miss the orc.
The orc is heavily wounded.
The orc priest hits you from afar with a +0 trident.
The orc barely misses you.
You hit the orc but do no damage.
The orc is heavily wounded.
The orc priest misses you. The orc closely misses you.
You hit the orc.
The orc is heavily wounded.
The orc priest looks satisfied for a moment.
You block the orc's attack.
You barely miss the orc.
The orc is heavily wounded.
You block the orc priest's attack. The orc hits you but does no damage.
The orc priest miscasts a cantrip.
The orc closely misses you.
The orc priest begins to cast a cantrip, but forgets the words!
The orc closely misses you.
Things that are here:
a +0 dagger; a scroll labelled JIALAWN CITH; an orc corpse You closely miss the orc priest.
Your bite misses the orc priest. The orc priest closely misses you.
You block the orc's attack.
You hit the orc priest but do no damage.
The orc priest hits you with a +0 trident.
* * * LOW HITPOINT WARNING * * *
The orc hits you but does no damage.
You closely miss the orc priest. You bite the orc priest.
The orc priest is lightly wounded.
The orc priest barely misses you. The orc barely misses you.
You barely miss the orc priest.
You bite the orc priest, but do no damage.
The orc priest is lightly wounded.
The orc priest barely misses you. The orc hits you with a +0 trident.
* * * LOW HITPOINT WARNING * * *
The orc barely misses you. The orc priest misses you.
You hit the orc priest but do no damage.
The orc priest is lightly wounded.
The orc priest invokes the aid of Beogh against you.
Beogh smites you!
You die...

.h..## #.####.#
....# ..... #..###
#..# #†..# #.# #.
###.###)## #.
##......# #.
###....##....#
#.##o.)#### ###.#
##..#@### #
#....o###### ∆###
#.#.....<.... ..
#..######## #.
#..########## #.
#.....[.....##### #
#..########.....####
##.# #####..... #.#
###..#


You could see an orc priest and an orc.

Vanquished Creatures
  A gnoll (D:1)
  3 adders (D:3)
  3 worms
  A dart slug (D:1)
  4 orcs (D:3)
  4 ball pythons
  5 endoplasms
  4 giant cockroaches
  2 goblins
  3 hobgoblins
  2 jackals (D:3)
  6 kobolds
  A quokka (D:2)
  7 bats
  2 frilled lizards
  A rat (D:3)
49 creatures vanquished.

Notes
Turn   | Place    | Note
-------+----------+-------------------------------------------
     0 | D:1      | mopl the Gnoll Monk began the quest for the Orb.
     0 | D:1      | Reached XP level 1. HP: 23/23 MP: 1/1
   111 | D:1      | Reached XP level 2. HP: 29/29 MP: 2/2
   227 | D:1      | Reached XP level 3. HP: 28/35 MP: 2/4
   381 | D:1      | Reached skill level 1 in Invocations
   474 | D:1      | Found a faded altar of an unknown god.
   478 | D:1      | Prayed at the altar of an unknown god.
   478 | D:1      | Became a worshipper of Cheibriados the Contemplative
   478 | D:1      | Reached * piety under Cheibriados
   478 | D:1      | Reached ** piety under Cheibriados
   833 | D:2      | Reached *** piety under Cheibriados
  1054 | D:2      | Reached skill level 1 in Short Blades
  1054 | D:2      | Reached skill level 1 in Long Blades
  1054 | D:2      | Reached skill level 1 in Axes
  1054 | D:2      | Reached skill level 1 in Polearms
  1054 | D:2      | Reached skill level 1 in Staves
  1054 | D:2      | Reached skill level 1 in Ranged Weapons
  1054 | D:2      | Reached skill level 1 in Throwing
  1054 | D:2      | Reached skill level 1 in Armour
  1054 | D:2      | Reached skill level 1 in Shields
  1054 | D:2      | Reached skill level 1 in Unarmed Combat
  1054 | D:2      | Reached skill level 1 in Spellcasting
  1054 | D:2      | Reached skill level 1 in Evocations
  1333 | D:3      | Reached XP level 4. HP: 21/41 MP: 5/5
  1633 | D:3      | Reached skill level 1 in Conjurations
  1633 | D:3      | Reached skill level 1 in Hexes
  1633 | D:3      | Reached skill level 1 in Summonings
  1633 | D:3      | Reached skill level 1 in Necromancy
  1633 | D:3      | Reached skill level 1 in Translocations
  1633 | D:3      | Reached skill level 1 in Transmutations
  1633 | D:3      | Reached skill level 1 in Fire Magic
  1633 | D:3      | Reached skill level 1 in Ice Magic
  1633 | D:3      | Reached skill level 1 in Air Magic
  1633 | D:3      | Reached skill level 1 in Earth Magic
  1633 | D:3      | Reached skill level 1 in Poison Magic
  1818 | D:3      | Killed from afar by an orc priest

Illustrated notes

Levels and vault maps discovered:
D:1:      minmay_arrival_solitary_statue, layout_basic,
          hellmonk_ecumenical_altar_heavens_door, minmay_misc_feat_doors
D:2:      layout_basic
D:3:      layout_rooms, goddamned_bats

Skill      XL: |  1  2  3  4 |
---------------+-------------+-----
Invocations    | 1 |  1.4
Short Blades   | 1 |  1.3
Long Blades    | 1 |  1.3
Axes           | 1 |  1.3
Polearms       | 1 |  1.3
Staves         | 1 |  1.3
Ranged Weapons | 1 |  1.3
Throwing       | 1 |  1.3
Armour         | 1 |  1.3
Shields        | 1 |  1.3
Unarmed Combat | 1 |  1.3
Spellcasting   | 1 |  1.3
Evocations     | 1 |  1.3
Conjurations   | 1 |  1.0
Hexes          | 1 |  1.0
Summonings     | 1 |  1.0
Necromancy     | 1 |  1.0
Translocations | 1 |  1.0
Transmutations | 1 |  1.0
Fire Magic     | 1 |  1.0
Ice Magic      | 1 |  1.0
Air Magic      | 1 |  1.0
Earth Magic    | 1 |  1.0
Poison Magic   | 1 |  1.0
Fighting       | |  6.6
Maces & Flails | |  6.6
Dodging        | |  6.6
Stealth        | |  4.3

Action                   |  1- 3 |  4- 6 || total
-------------------------+-------+-------++-------
Melee: Mace              |   109 |    48 ||   157
       Punch             |     1 |       ||     1
       Bite              |     6 |     7 ||    13
 Stab: Sleeping          |     7 |       ||     7
Armor: Ring mail         |    46 |       ||    46
       Plate armour      |       |    23 ||    23
Dodge: Dodged            |    81 |    30 ||   111
Block: Buckler           |    11 |    16 ||    27
